 Dungeon Crawl Stone Soup version 0.25.1-2-g60ff931df9 (webtiles) character file.

Game seed: 8295389223075351218

60 Martska the Grasshopper (level 4, -1/40 HPs)
             Began as a Naga Warper on Oct 10, 2020.
             Slain by a kobold
             ... wielding a +0 whip
              (3 damage)
             ... on level 2 of the Dungeon.
             The game lasted 00:06:03 (1999 turns).

Martska the Grasshopper (Naga Warper)               Turns: 1999, Time: 00:06:03

Health: -1/40      AC:  4    Str: 10 (13) XL:     4   Next: 4%
Magic:  7/7        EV:  9    Int: 15      God:
Gold:   81         SH:  0    Dex:  9 (10) Spells: 8/8 levels left

rFire    . . .     SeeInvis +   a - +0 spear
rCold    . . .     Gourm    .   (no shield)
rNeg     . . .     Faith    .   b - +0 leather armour
rPois    +         Spirit   .   q - +0 helmet
rElec    .         Reflect  .   (no cloak)
rCorr    .         Harm     .   (no gloves)
MR       .....                  (no barding)
Stlth    +.........             k - amulet of magic regeneration
HPRegen  0.13/turn              (no ring)
MPRegen  0.35/turn              (no ring)

@: very slightly contaminated, very slow
A: large, see invisible, deformed body, poison resistance, slowness 2, slow
metabolism 1, spit poison 1, AC +1
a: Spit Poison


You were on level 2 of the Dungeon.
You were hungry.

You visited 1 branch of the dungeon, and saw 2 of its levels.

You collected 81 gold pieces.

Inventory:

Hand Weapons
 a - a +0 spear (weapon)
Missiles
 e - 5 boomerangs of dispersal (quivered)
Armour
 b - a +0 leather armour (worn)
 q - a +0 helmet (worn)
Jewellery
 k - an amulet of magic regeneration (around neck)
Scrolls
 h - a scroll of magic mapping {unknown}
 i - a scroll of amnesia {unknown}
 j - a scroll of identify {unknown}
 m - a scroll of teleportation
 o - 2 scrolls of immolation {unknown}
 p - a scroll of enchant armour {unknown}
Potions
 c - a potion of haste {unknown}
 g - a potion of cancellation {unknown}
 l - a potion of magic {unknown}
Comestibles
 f - 3 rations
 n - a chunk of flesh


   Skills:
 * Level 2.7 Fighting
 * Level 2.5 Polearms
 - Level 0.8 Throwing
 + Level 1.1 Armour
 * Level 2.1 Dodging
 * Level 2.5 Spellcasting
   Level 3.0 Translocations


You had 8 spell levels left.
You didn't know any spells.
Your spell library contained the following spells:

 Spells                   Type           Power        Failure   Level  Hunger
 Blink                    Tloc           N/A          13%         2    ###....
 Shroud of Golubria       Chrm/Tloc      #.....       24%         2    ###....
 Gell's Gravitas          Tloc           ##........   26%         3    ###....
 Lesser Beckoning         Tloc           ##........   26%         3    ###....
 Teleport Other           Tloc           ##......     26%         3    ###....
 Passage of Golubria      Tloc           N/A          63%         4    #####..


Dungeon Overview and Level Annotations

Branches:
Dungeon (2/15)

Altars:
Elyvilon

Annotations:
D:2 Robin


Innate Abilities, Weirdness & Mutations

You cannot wear boots.
Your serpentine skin is tough. (AC +1)
You have supernaturally acute eyesight. (SInv)
Armour fits poorly on your strangely shaped body.
Your system is resistant to poisons. (rPois)
You cover ground very slowly.
You have a slow metabolism.
You can spit poison.


Message History

The leopard gecko bites you but does no damage.
The kobold barely misses you.
Attack whom?
Press: ? - help, Dir - move target cursor, f/p - leopard gecko
Aim: a leopard gecko You closely miss the leopard gecko.
The bat closely misses you. The bat barely misses you.
The leopard gecko bites you but does no damage.
The hobgoblin hits you with a +0 club.
* * * LOW HITPOINT WARNING * * *
The kobold hits you but does no damage.
Attack whom?
Press: ? - help, Dir - move target cursor, f/p - leopard gecko
Aim: a leopard gecko You hit the leopard gecko but do no damage.
The bat hits you.
* * * LOW HITPOINT WARNING * * *
The leopard gecko bites you but does no damage.
The hobgoblin completely misses you. The kobold hits you with a +0 whip.
You die...

#....'....
##....#...### .
#...........#.. ..
#.............. ..
#.............. .....
#.............. .....
#.....K....... .....
#.b@l...............
#..g....###.........
#.......# #.... #...
..........##....##...
###.....##..#.........
#.....# +# ........
......# #.....
.......# #..... #.....


You could see a leopard gecko, a hobgoblin, a bat and a kobold.

Vanquished Creatures
  An ooze (D:1)
  An adder skeleton (D:2)
  3 dart slugs
  8 bats
  2 giant cockroaches (D:1)
  10 goblins
  6 hobgoblins (D:1)
  4 kobolds
  A ball python zombie (D:2)
  2 frilled lizards
  5 rats
43 creatures vanquished.

Notes
Turn   | Place    | Note
-------+----------+-------------------------------------------
     0 | D:1      | Martska the Naga Warper began the quest for the Orb.
     0 | D:1      | Reached XP level 1. HP: 19/19 MP: 3/3
   197 | D:1      | Reached XP level 2. HP: 26/26 MP: 5/5
   556 | D:1      | Reached skill level 1 in Armour
   560 | D:1      | Reached XP level 3. HP: 3/33 MP: 6/6
  1570 | D:2      | Found a white marble altar of Elyvilon.
  1812 | D:2      | Reached XP level 4. HP: 34/40 MP: 7/7
  1971 | D:2      | Noticed Robin
  1999 | D:2      | HP: 2/40 [bat (1)]
  1999 | D:2      | Slain by a kobold

Illustrated notes

Levels and vault maps discovered:
D:1:      minmay_arrival_up_and_down, layout_loops_ring
D:2:      layout_basic, lemuel_doored_altar, serial_undead, serial_undead_d,
          serial_undead_b, serial_undead_b, serial_undead_b, uniq_robin,
          uniq_crazy_yiuf_cottage

Skill      XL: |  1  2 |
---------------+-------+-----
Armour         | 1 |  1.1
Dodging        | 2 |  2.1
Fighting       | |  2.7
Polearms       | |  2.5
Throwing       | |  0.8
Spellcasting   | |  2.5
Translocations | |  3.0

Action                   |  1- 3 |  4- 6 || total
-------------------------+-------+-------++-------
Melee: Spear             |   161 |    14 ||   175
 Abil: Spit Poison       |     3 |     1 ||     4
  Use: Potion            |     2 |       ||     2
       Scroll            |       |     2 ||     2
  Eat: Chunk             |     2 |       ||     2
Armor: Leather armour    |    37 |    17 ||    54
       Skin              |    13 |       ||    13
Dodge: Dodged            |    64 |    20 ||    84
